 Dungeon Crawl Stone Soup version 0.29.0-4-gdea44cf6ec (webtiles) character file.

Game seed: 7572500162755712995

3070 qw the Blocker (level 9, 0/80 HPs)
             Began as a Troll Cinder Acolyte on Aug 31, 2022.
             Was a Priest of Ignis.
             Succumbed to a gnoll sergeant's poison
             ... on level 7 of the Dungeon.
             The game lasted 00:03:58 (5772 turns).

qw the Blocker (Troll Cinder Acolyte)               Turns: 5772, Time: 00:03:59

Health: 0/80       AC: 13    Str: 28    XL:     9   Next: 58%
Magic:  9/9        EV:  7    Int: 14    God:    Ignis [***...]
Gold:   348        SH: 13    Dex:  5    Spells: 10/10 levels left

rFire   + . .      SeeInvis .     - Unarmed
rCold   . . .      Faith    +   d - +0 tower shield
rNeg    + . .      Spirit   .   a - +0 robe
rPois   .          Reflect  .   (helmet restricted)
rElec   +          Harm     .   c - +1 cloak {Will+}
rCorr   .          Rampage  .   (gloves unavailable)
Will    +....                   (boots unavailable)
Stlth   +.........              b - amulet "Igorixe Zuja" {Faith Drain rElec rN+ Int+4}
HPRegen 1.03/turn               (no ring)
MPRegen 0.11/turn               (no ring)

@: lethally poisoned (0 -> -7), fiery-armoured
A: large, unfitting armour, claws 3, regeneration 1, shaggy fur 1, tough skin 1
a: Renounce Religion, Fiery Armour, Foxfire Swarm, Rising Flame


You were on level 7 of the Dungeon.
You worshipped Ignis.
Ignis was most pleased with you.
You visited 1 branch of the dungeon, and saw 7 of its levels.

You collected 348 gold pieces.


Innate Abilities, Weirdness & Mutations

You are too large for most types of armour.
You have claws for hands.
Your natural rate of healing is unusually fast.
You are covered in fur. (AC +1)
You have tough skin. (AC +1)


   Skills:
 + Level 2.4 Fighting
 - Level 1.0 Throwing
 - Level 10.0 Shields
 - Level 8.3 Unarmed Combat
 - Level 1.0 Spellcasting
 - Level 2.1 Fire Magic


You had 10 spell levels left.
You didn't know any spells.
Your spell library contained the following spells:

 Spells                   Type           Power      Damage    Failure   Level
 Scorch                   Fire           12%        2d6       54%         2

Inventory:

Missiles
 j - 3 javelins (quivered)
 m - 3 boomerangs
Armour
 a - a +0 robe (worn)
 c - a +1 cloak of willpower (worn)
 d - a +0 tower shield (worn)
Jewellery
 b - the amulet "Igorixe Zuja" (around neck) {Faith Drain rElec rN+ Int+4}
   (You found it on level 3 of the Dungeon)

   [amulet of faith]

   It allows you to gain divine favour quickly.
   Int:       It affects your intelligence (+4).
   rElec:     It insulates you from electricity.
   rN:        It protects you from negative energy.
   Drain:     It drains your maximum health when unequipped.
 f - the ring "Ponuaddu" {Ice rN+ Stlth+}
   (You found it on level 7 of the Dungeon)

   [ring of ice]

   It enhances your ice magic.
   rF:        It makes you vulnerable to fire.
   rC:        It protects you from cold.
   rN:        It protects you from negative energy.
   Stlth:     It makes you more stealthy.
 i - an amulet of regeneration
Scrolls
 e - 3 scrolls of identify
 k - 3 scrolls of teleportation
Potions
 g - a potion of might
 h - 2 potions of curing
 l - a potion of cancellation

Dungeon Overview and Level Annotations

Branches:
Dungeon (7/15)             Temple (0/1) D:5

Altars:
Cheibriados
Sif Muna
Wu Jian
Xom
Zin

Shops:
D:4 [   D:5 (   D:7 [


Message History

The gnoll bouda barks out a call to the hunt!
The gnolls pick up the pace!
You block the gnoll's attack.
You barely miss the gnoll.
The gnoll is heavily wounded.
You feel very sick.
The gnoll sergeant hits you but does no damage.
The gnoll hits you but does no damage.
The gnoll is burned by your cloak of flames.
The gnoll is almost dead.
You scratch the gnoll.
You kill the gnoll!
You feel very sick.
The gnoll throws a throwing net.
You block the throwing net.
The gnoll sergeant hits you from afar with a +1 spear of venom!
You are more poisoned.
Your Shields skill increases to level 10!
You feel very sick. You block the gnoll's attack.
The gnoll sergeant hits you with a +1 spear of venom.
You are more poisoned.
Items here: %%% ( )).
5769 ||| Stepping ~*~*~tactically~*~*~ (outnumbered).
The gnoll sergeant attacks as you move away!
The gnoll sergeant hits you with a +1 spear of venom!
You are lethally poisoned!
You feel extremely sick. You block the gnoll sergeant's attack.
You block the gnoll's attack.
You see here a throwing net.
5770 ||| READING 4 scrolls of teleportation.
As you read the scroll of teleportation, it crumbles to dust.
You feel strangely unstable.
You feel very sick. You block the gnoll sergeant's attack.
The gnoll barely misses you.
You mangle the gnoll!!
You kill the gnoll!
You feel very sick. You block the gnoll sergeant's attack.
Your surroundings suddenly seem different.
You die...

.......## ##........##
#.......## ##..........#
+........###...........#
+.....................###
#............)..........##
.......##................#
.......###...............##
..##...##......#..........###
.....>........##@......#....###
..............#..#............#
.........<.##...###.#.##.....##
.....!......##.## #..#.....###
........##<.#..## ##....#...#
........###...).## #....##..#
.......## #.#....# ###.....###
.......######....###.........##
.........###......#...........#


There were no monsters in sight!

Vanquished Creatures
  Joseph (D:7)
  Prince Ribbit (D:5)
  A steam dragon (D:7)
  Menkaure (D:7)
  A water moccasin (D:5)
  A sky beast (D:6)
  4 ice beasts
  A black bear (D:4)
  A wolf (D:7)
  A phantom (D:5)
  Blork the orc (D:5)
  A bullfrog (D:7)
  A gnoll sergeant (D:7)
  A kobold brigand (D:6)
  2 necrophages (D:7)
  3 scorpions
  A wight (D:4)
  A howler monkey (D:6)
  8 hounds
  4 jellies
  A gnoll bouda (D:6)
  Ijyb (D:5)
  2 iguanas (D:5)
  19 gnolls
  8 adders
  2 white imps
  An ufetubus (D:6)
  4 worms
  11 orcs
  10 endoplasms
  A giant cockroach (D:1)
  5 goblins
  8 hobgoblins
  6 jackals
  7 quokkas
  9 ball pythons
  4 bats
  6 frilled lizards
  11 kobolds
  7 rats
159 creatures vanquished.

Notes
Turn   | Place    | Note
-------+----------+-------------------------------------------
     0 | D:1      | qw the Troll Cinder Acolyte began the quest for the Orb.
     0 | D:1      | Reached XP level 1. HP: 22/22 MP: 1/1
     0 | D:1      | 0 ||| qw: Version: 0.1-a-97-g2dd2ca4
     0 | D:1      | 0 ||| qw: Game counter: 4646
     0 | D:1      | 0 ||| qw: Always use a shield: true
     0 | D:1      | 0 ||| qw: God list: Okawaru
     0 | D:1      | 0 ||| qw: Allow faded altars: false
     0 | D:1      | 0 ||| qw: Do Orc after D:15 true
     0 | D:1      | 0 ||| qw: Do second Lair branch before Depths: true
     0 | D:1      | 0 ||| qw: Lair rune preference: random
     0 | D:1      | 0 ||| qw: Plans: Normal
     0 | D:1      | 0 ||| PLANNING D:1-11
     1 | D:1      | Noticed an electric eel
     4 | D:1      | 4 ||| Stepping randomly (stuck).
     5 | D:1      | 5 ||| Stepping randomly (stuck).
     6 | D:1      | 6 ||| Stepping randomly (stuck).
     7 | D:1      | 7 ||| Stepping randomly (stuck).
    17 | D:1      | 17 ||| Stepping randomly (stuck).
    18 | D:1      | 18 ||| Stepping randomly (stuck).
    19 | D:1      | 19 ||| Stepping randomly (stuck).
    87 | D:1      | Found a faded altar of an unknown god.
   124 | D:1      | 124 ||| Stepping ~*~*~tactically~*~*~ (outnumbered).
   130 | D:1      | Reached XP level 2. HP: 29/29 MP: 2/2
   497 | D:1      | Reached XP level 3. HP: 32/36 MP: 3/3
   759 | D:1      | 759 ||| UPGRADING to +0 tower shield.
   764 | D:1      | 764 ||| READING scroll labelled XAH WUXUGUEVO.
   765 | D:1      | 765 ||| READING scroll labelled ROF OROIREFOEP.
   766 | D:1      | 766 ||| READING scroll labelled QAKHOU FEEREULAMM.
   767 | D:1      | 767 ||| READING scroll labelled FAORAK RUOXOGO.
   768 | D:1      | 768 ||| DRINKING 2 fuming cyan potions.
   769 | D:1      | 769 ||| DROPPING potion of brilliance.
   863 | D:2      | 863 ||| Stepping ~*~*~tactically~*~*~ (hiding).
   864 | D:2      | 864 ||| Stepping ~*~*~tactically~*~*~ (hiding).
   871 | D:2      | 871 ||| Stepping ~*~*~tactically~*~*~ (stealth).
   878 | D:2      | Reached skill level 1 in Shields
  1032 | D:2      | 1032 ||| Stepping ~*~*~tactically~*~*~ (outnumbered).
  1082 | D:2      | Reached XP level 4. HP: 44/44 MP: 4/4
  1098 | D:2      | 1098 ||| Stepping ~*~*~tactically~*~*~ (stealth).
  1099 | D:2      | 1099 ||| Stepping ~*~*~tactically~*~*~ (stealth).
  1161 | D:2      | Reached skill level 2 in Shields
  1483 | D:2      | 1483 ||| READING scroll labelled FANUAN OLISUU.
  1483 | D:2      | Identified a scroll of acquirement
  1483 | D:2      | 1483 ||| ACQUIRING +1 cloak of willpower
  1483 | D:2      | Acquired a +1 cloak of willpower
  1485 | D:2      | 1485 ||| UPGRADING to +1 cloak of willpower.
  1490 | D:2      | 1490 ||| READING scroll labelled ALYAMN ICINAFF.
  1493 | D:2      | 1493 ||| READING scroll labelled QOSHRU CAKHLI.
  1494 | D:2      | 1494 ||| READING scroll labelled ERUATRYTOQ.
  1495 | D:2      | 1495 ||| READING 2 scrolls of identify.
  1495 | D:2      | 1495 ||| IDENTIFYING amethyst potion
  1496 | D:2      | 1496 ||| DROPPING potion of degeneration.
  1700 | D:3      | 1700 ||| Stepping ~*~*~tactically~*~*~ (stealth).
  1877 | D:3      | 1877 ||| Stepping ~*~*~tactically~*~*~ (stealth).
  1878 | D:3      | 1878 ||| Stepping ~*~*~tactically~*~*~ (stealth).
  2178 | D:3      | 2178 ||| READING 2 scrolls labelled HIKHEARERGH.
  2179 | D:3      | 2179 ||| READING scroll labelled IQUHIUL CUDIOT.
  2180 | D:3      | 2180 ||| READING scroll labelled NUSUSE TOOFO.
  2181 | D:3      | 2181 ||| READING 2 scrolls of identify.
  2181 | D:3      | 2181 ||| IDENTIFYING orange potion
  2182 | D:3      | 2182 ||| DROPPING scroll of amnesia.
  2183 | D:3      | 2183 ||| DROPPING potion of invisibility.
  2184 | D:3      | 2184 ||| Stepping randomly (stuck).
  2185 | D:3      | 2185 ||| Stepping ~*~*~tactically~*~*~ (cloud).
  2350 | D:3      | 2350 ||| Stepping randomly (stuck).
  2396 | D:3      | 2396 ||| Stepping randomly (stuck).
  2460 | D:4      | Reached skill level 3 in Shields
  2460 | D:4      | Reached XP level 5. HP: 45/50 MP: 5/5
  2467 | D:4      | 2467 ||| Stepping ~*~*~tactically~*~*~ (stealth).
  2512 | D:4      | Noticed a black bear
  2526 | D:4      | Killed a black bear
  2527 | D:4      | Reached skill level 4 in Shields
  2527 | D:4      | Reached XP level 6. HP: 47/59 MP: 6/6
  2540 | D:4      | Identified the +0 leather armour of the Solstice {Will-
                  | Int+5}
  2626 | D:4      | Reached skill level 5 in Shields
  2633 | D:4      | 2633 ||| FLEEEEING.
  2634 | D:4      | 2634 ||| FLEEEEING.
  2644 | D:4      | 2644 ||| STAIRDANCE
  2741 | D:4      | 2741 ||| Stepping ~*~*~tactically~*~*~ (outnumbered).
  2742 | D:4      | 2742 ||| Stepping ~*~*~tactically~*~*~ (outnumbered).
  2743 | D:4      | 2743 ||| Stepping ~*~*~tactically~*~*~ (outnumbered).
  2744 | D:4      | 2744 ||| Stepping ~*~*~tactically~*~*~ (outnumbered).
  2745 | D:4      | 2745 ||| Stepping ~*~*~tactically~*~*~ (outnumbered).
  2746 | D:4      | 2746 ||| Stepping ~*~*~tactically~*~*~ (outnumbered).
  2747 | D:4      | 2747 ||| Stepping ~*~*~tactically~*~*~ (outnumbered).
  2748 | D:4      | 2748 ||| Stepping ~*~*~tactically~*~*~ (outnumbered).
  2749 | D:4      | 2749 ||| Stepping ~*~*~tactically~*~*~ (outnumbered).
  2750 | D:4      | 2750 ||| Stepping ~*~*~tactically~*~*~ (outnumbered).
  2751 | D:4      | 2751 ||| Stepping ~*~*~tactically~*~*~ (outnumbered).
  2752 | D:4      | 2752 ||| Stepping ~*~*~tactically~*~*~ (outnumbered).
  2753 | D:4      | 2753 ||| Stepping ~*~*~tactically~*~*~ (outnumbered).
  2780 | D:4      | Found Hid Zuil's Antique Armour Shop.
  2787 | D:4      | 2787 ||| SHOPLISTING silken robe (176 gold, have 114).
  2787 | D:4      | 2787 ||| SHOPLISTING thick robe (176 gold, have 114).
  2980 | D:4      | Found an ornate altar of the Wu Jian Council.
  3038 | D:4      | 3038 ||| READING scroll labelled ZAREOT ZOUNEOBB.
  3039 | D:4      | 3039 ||| DRINKING 2 bubbling golden potions.
  3040 | D:4      | 3040 ||| READING 2 scrolls of identify.
  3040 | D:4      | 3040 ||| IDENTIFYING coppery potion
  3041 | D:4      | 3041 ||| DROPPING potion of attraction.
  3042 | D:4      | 3042 ||| DROPPING potion of ambrosia.
  3098 | D:3      | Identified the amulet "Igorixe Zuja" {Faith Drain rElec rN+
                  | Int+4}
  3124 | D:3      | Found a snail-covered altar of Cheibriados.
  3446 | D:3      | 3446 ||| UPGRADING to amulet "Igorixe Zuja" {Faith Drain
                  | rElec rN+ Int+4}.
  3483 | D:5      | Entered Level 5 of the Dungeon
  3483 | D:5      | Noticed Prince Ribbit
  3503 | D:5      | 3503 ||| INVOKING Fiery Armour.
  3509 | D:5      | Killed Prince Ribbit
  3510 | D:5      | Reached skill level 6 in Shields
  3510 | D:5      | Reached XP level 7. HP: 18/66 MP: 7/7
  3533 | D:5      | 3533 ||| FLEEEEING.
  3534 | D:5      | 3534 ||| FLEEEEING.
  3535 | D:5      | 3535 ||| STAIRDANCE
  3566 | D:5      | 3566 ||| STAIRDANCE
  3596 | D:5      | Reached skill level 7 in Shields
  3602 | D:5      | Noticed Ijyb
  3603 | D:5      | 3603 ||| Stepping ~*~*~tactically~*~*~ (hiding).
  3615 | D:5      | 3615 ||| INVOKING Fiery Armour.
  3616 | D:5      | Killed Ijyb
  3682 | D:5      | Noticed Blork the orc
  3692 | D:5      | Killed Blork the orc
  3722 | D:5      | Reached XP level 8. HP: 74/74 MP: 8/8
  3739 | D:5      | 3739 ||| Stepping ~*~*~tactically~*~*~ (stealth).
  3742 | D:5      | 3742 ||| Stepping ~*~*~tactically~*~*~ (stealth).
  3745 | D:5      | 3745 ||| Stepping ~*~*~tactically~*~*~ (outnumbered).
  3746 | D:5      | 3746 ||| Stepping ~*~*~tactically~*~*~ (outnumbered).
  3749 | D:5      | Reached skill level 1 in Throwing
  3749 | D:5      | 3749 ||| Stepping ~*~*~tactically~*~*~ (outnumbered).
  3750 | D:5      | 3750 ||| Stepping ~*~*~tactically~*~*~ (outnumbered).
  3751 | D:5      | 3751 ||| Stepping ~*~*~tactically~*~*~ (outnumbered).
  3756 | D:5      | 3756 ||| Stepping ~*~*~tactically~*~*~ (outnumbered).
  3757 | D:5      | 3757 ||| Stepping ~*~*~tactically~*~*~ (outnumbered).
  3760 | D:5      | 3760 ||| Stepping ~*~*~tactically~*~*~ (outnumbered).
  3761 | D:5      | 3761 ||| INVOKING Fiery Armour.
  3762 | D:5      | 3762 ||| Stepping ~*~*~tactically~*~*~ (outnumbered).
  3768 | D:5      | 3768 ||| FLEEEEING.
  3769 | D:5      | 3769 ||| FLEEEEING.
  3770 | D:5      | 3770 ||| FLEEEEING.
  3771 | D:5      | 3771 ||| FLEEEEING.
  3772 | D:5      | 3772 ||| FLEEEEING.
  3773 | D:5      | 3773 ||| FLEEEEING.
  3774 | D:5      | 3774 ||| FLEEEEING.
  3778 | D:5      | 3778 ||| Stepping ~*~*~tactically~*~*~ (outnumbered).
  3783 | D:5      | 3783 ||| FLEEEEING.
  3836 | D:5      | Reached skill level 8 in Shields
  3893 | D:5      | Found Goroanugg's Antique Weapon Boutique.
  3949 | D:5      | Found a staircase to the Ecumenical Temple.
  3963 | D:5      | 3963 ||| Stepping ~*~*~tactically~*~*~ (hiding).
  4241 | D:5      | 4241 ||| READING 3 scrolls of identify.
  4241 | D:5      | 4241 ||| IDENTIFYING blue potion
  4242 | D:5      | 4242 ||| READING 2 scrolls of identify.
  4242 | D:5      | 4242 ||| IDENTIFYING black potion
  4243 | D:5      | 4243 ||| DROPPING potion of lignification.
  4430 | D:6      | Reached skill level 6 in Unarmed Combat
  4454 | D:6      | 4454 ||| Stepping ~*~*~tactically~*~*~ (outnumbered).
  4465 | D:6      | 4465 ||| INVOKING Fiery Armour.
  4482 | D:6      | 4482 ||| FLEEEEING.
  4484 | D:6      | 4484 ||| FLEEEEING.
  4485 | D:6      | 4485 ||| FLEEEEING.
  4564 | D:6      | Found a glowing silver altar of Zin.
  4564 | D:6      | Noticed an angel
  4582 | D:6      | Found a shimmering blue altar of Sif Muna.
  4683 | D:6      | Found a shimmering altar of Xom.
  4690 | D:6      | 4690 ||| Stepping ~*~*~tactically~*~*~ (stealth).
  4761 | D:6      | 4761 ||| Stepping ~*~*~tactically~*~*~ (stealth).
  4769 | D:6      | 4769 ||| Stepping ~*~*~tactically~*~*~ (stealth).
  4771 | D:6      | 4771 ||| Stepping ~*~*~tactically~*~*~ (stealth).
  4980 | D:6      | 4980 ||| Stepping ~*~*~tactically~*~*~ (stealth).
  4993 | D:6      | Reached skill level 9 in Shields
  5052 | D:6      | 5052 ||| READING scroll labelled CAXKYC SIQAHUG.
  5083 | D:6      | 5083 ||| READING scroll labelled FAGIHU SAGATS.
  5142 | D:7      | Noticed Menkaure
  5147 | D:7      | Killed Menkaure
  5148 | D:7      | Reached XP level 9. HP: 80/80 MP: 9/9
  5200 | D:7      | 5200 ||| Stepping ~*~*~tactically~*~*~ (outnumbered).
  5201 | D:7      | 5201 ||| Stepping ~*~*~tactically~*~*~ (outnumbered).
  5202 | D:7      | 5202 ||| Stepping ~*~*~tactically~*~*~ (outnumbered).
  5203 | D:7      | 5203 ||| Stepping ~*~*~tactically~*~*~ (outnumbered).
  5204 | D:7      | 5204 ||| Stepping ~*~*~tactically~*~*~ (outnumbered).
  5205 | D:7      | 5205 ||| Stepping ~*~*~tactically~*~*~ (outnumbered).
  5207 | D:7      | 5207 ||| Stepping ~*~*~tactically~*~*~ (outnumbered).
  5208 | D:7      | 5208 ||| Stepping ~*~*~tactically~*~*~ (outnumbered).
  5210 | D:7      | 5210 ||| Stepping ~*~*~tactically~*~*~ (outnumbered).
  5211 | D:7      | 5211 ||| Stepping ~*~*~tactically~*~*~ (outnumbered).
  5212 | D:7      | 5212 ||| Stepping ~*~*~tactically~*~*~ (outnumbered).
  5213 | D:7      | 5213 ||| Stepping ~*~*~tactically~*~*~ (outnumbered).
  5214 | D:7      | 5214 ||| Stepping ~*~*~tactically~*~*~ (outnumbered).
  5215 | D:7      | 5215 ||| Stepping ~*~*~tactically~*~*~ (outnumbered).
  5216 | D:7      | 5216 ||| Stepping ~*~*~tactically~*~*~ (outnumbered).
  5217 | D:7      | 5217 ||| Stepping ~*~*~tactically~*~*~ (outnumbered).
  5218 | D:7      | 5218 ||| Stepping ~*~*~tactically~*~*~ (outnumbered).
  5233 | D:7      | 5233 ||| INVOKING Fiery Armour.
  5364 | D:7      | Identified the ring "Ponuaddu" {Ice rN+ Stlth+}
  5383 | D:7      | Found Zaw Xede's Armour Shoppe.
  5386 | D:7      | 5386 ||| Stepping ~*~*~tactically~*~*~ (outnumbered).
  5461 | D:7      | Noticed Joseph
  5462 | D:7      | 5462 ||| Stepping ~*~*~tactically~*~*~ (hiding).
  5463 | D:7      | 5463 ||| Stepping ~*~*~tactically~*~*~ (hiding).
  5478 | D:7      | 5478 ||| INVOKING Fiery Armour.
  5478 | D:7      | HP: 8/75 [Joseph/+0 quarterstaff (12)]
  5479 | D:7      | 5479 ||| READING 5 scrolls of teleportation.
  5480 | D:7      | Killed Joseph
  5484 | D:7      | 5484 ||| FLEEEEING.
  5485 | D:7      | 5485 ||| FLEEEEING.
  5487 | D:7      | 5487 ||| FLEEEEING.
  5488 | D:7      | 5488 ||| FLEEEEING.
  5489 | D:7      | 5489 ||| FLEEEEING.
  5490 | D:7      | 5490 ||| FLEEEEING.
  5491 | D:7      | 5491 ||| FLEEEEING.
  5492 | D:7      | 5492 ||| FLEEEEING.
  5493 | D:7      | 5493 ||| FLEEEEING.
  5494 | D:7      | 5494 ||| FLEEEEING.
  5495 | D:7      | 5495 ||| FLEEEEING.
  5496 | D:7      | 5496 ||| FLEEEEING.
  5497 | D:7      | 5497 ||| FLEEEEING.
  5498 | D:7      | 5498 ||| FLEEEEING.
  5501 | D:7      | 5501 ||| STAIRDANCE
  5548 | D:6      | 5548 ||| READING 3 scrolls of identify.
  5548 | D:6      | 5548 ||| IDENTIFYING sapphire potion
  5549 | D:6      | 5549 ||| READING 2 scrolls of identify.
  5549 | D:6      | 5549 ||| IDENTIFYING glowing purple potion
  5561 | D:7      | 5561 ||| Stepping ~*~*~tactically~*~*~ (hiding).
  5562 | D:7      | 5562 ||| Stepping ~*~*~tactically~*~*~ (hiding).
  5735 | D:7      | 5735 ||| Stepping ~*~*~tactically~*~*~ (stealth).
  5736 | D:7      | 5736 ||| Stepping ~*~*~tactically~*~*~ (stealth).
  5737 | D:7      | 5737 ||| Stepping ~*~*~tactically~*~*~ (stealth).
  5749 | D:7      | 5749 ||| Stepping ~*~*~tactically~*~*~ (hiding).
  5753 | D:7      | 5753 ||| INVOKING Fiery Armour.
  5754 | D:7      | 5754 ||| Stepping ~*~*~tactically~*~*~ (outnumbered).
  5757 | D:7      | 5757 ||| Stepping ~*~*~tactically~*~*~ (outnumbered).
  5761 | D:7      | 5761 ||| Stepping ~*~*~tactically~*~*~ (outnumbered).
  5764 | D:7      | 5764 ||| Stepping ~*~*~tactically~*~*~ (outnumbered).
  5768 | D:7      | Reached skill level 10 in Shields
  5769 | D:7      | 5769 ||| Stepping ~*~*~tactically~*~*~ (outnumbered).
  5769 | D:7      | HP: 17/80 [gnoll sergeant/+1 spear of venom (10)]
  5770 | D:7      | 5770 ||| READING 4 scrolls of teleportation.
  5770 | D:7      | HP: 7/80 [poisoned by a gnoll sergeant]
  5771 | D:7      | HP: 3/80 [poisoned by a gnoll sergeant]
  5772 | D:7      | Succumbed to a gnoll sergeant's poison

Levels and vault maps discovered:
D:1:      arrival_aquarium_a, layout_loops_ring, basic_ecumenical_altar
D:2:      layout_basic
D:3:      layout_basic, lemuel_coloured_pillars_altar, grunt_ministairs_12
D:4:      layout_cave_pools, nicolae_wu_jian_immortal_techniques, serial_shops,
          nicolae_shop_window_shopping, minmay_manual_moon
D:5:      layout_cave_pools, temple_fountains, serial_shops,
          nicolae_shop_hallway_stairs, uniq_blork_the_orc, uniq_prince_ribbit1,
          uniq_ijyb
D:6:      layout_basic, grunt_temple_overflow_order_and_chaos_1,
          general_overflow_altar
D:7:      layout_cave_pools, serial_gnoll_camp, gnoll_camp_mini_shop,
          gnoll_camp_medium_02, gnoll_camp_mini_hut, grums_kennel,
          gnoll_camp_mini_loothouse, uniq_crazy_yiuf_cottage, uniq_joseph,
          uniq_menkaure

Skill      XL: |  1  2  3  4  5  6  7  8  9 |
---------------+----------------------------+-----
Unarmed Combat | 4 5 6 8 |  8.3
Shields        | 1 3 4 6 7 9 10 | 10.0
Throwing       | 1 |  1.0
Fighting       | |  2.4
Spellcasting   | |  1.0
Fire Magic     | |  2.1

Action                   |  1- 3 |  4- 6 |  7- 9 || total
-------------------------+-------+-------+-------++-------
Melee: Unarmed           |   131 |   121 |   277 ||   529
Throw: Boomerang         |       |    23 |       ||    23
       Javelin           |       |       |    36 ||    36
Invok: Fiery Armour      |       |     1 |     6 ||     7
  Use: Scroll            |     4 |    11 |     8 ||    23
       Potion            |     1 |     1 |       ||     2
Armor: Robe              |    60 |    33 |    70 ||   163
Dodge: Dodged            |    42 |    23 |    64 ||   129
Block: Tower shield      |    24 |    69 |   192 ||   285

Table legend:
 A = Non-vault XP
 B = Vault XP
 C = Vault XP percentage of total XP
 D = Non-vault monster count
 E = Vault monster count
 F = Vault count percentage of total count
                 A         B        C        D         E       F
            +---------+---------+-------+---------+---------+-------
      Total |    2685 |    1701 |  38.8 |     130 |      29 |  18.2
            +---------+---------+-------+---------+---------+-------
        D:1 |      48 |       0 |   0.0 |      31 |       0 |   0.0
        D:2 |      68 |       0 |   0.0 |      17 |       0 |   0.0
        D:3 |      46 |       4 |   8.0 |      19 |       2 |   9.5
        D:4 |     235 |     253 |  51.8 |      14 |       4 |  22.2
        D:5 |     859 |     398 |  31.7 |      18 |       3 |  14.3
        D:6 |     663 |       0 |   0.0 |      21 |       0 |   0.0
        D:7 |     766 |    1046 |  57.7 |      10 |      20 |  66.7
            +---------+---------+-------+---------+---------+-------
